 Dungeon Crawl Stone Soup version 0.32-a0-705-g60f233581c (webtiles) character file.

Game seed: 14560842330846113668

77 BeKind the Chiller (level 4, -2/27 HPs)
             Began as an Octopode Ice Elementalist on Mar 14, 2024.
             Slain by a kobold
             ... wielding a +0 trident
              (8 damage)
             ... on level 2 of the Dungeon.
             The game lasted 00:01:32 (1231 turns).

BeKind the Chiller (Octopode Ice Elementalist)      Turns: 1231, Time: 00:01:33

Health: -2/27      AC:  1    Str: 13    XL:     4   Next: 33%
Magic:  3/7        EV: 12    Int: 19    God:
Gold:   132        SH:  0    Dex: 12    Spells: 5/8 levels left

rFire   . . .        f - +0 short sword
rCold   . . .        (no shield)
rNeg    . . .        (helmet restricted)
rPois   .            (no amulet)
rElec   .            c - +6 ring of strength
rCorr   .            (no ring)
SInv    .            (no ring)
Will    .....        (no ring)
Stlth   +++          (no ring)
HPRegen 0.24/turn    (no ring)
MPRegen 0.10/turn    (no ring)
                     (no ring)

%: no passive effects
@: no status effects
A: almost no armour, amphibious, 8 rings, camouflage 1, gelatinous body 1,
(nimble swimmer 1), tentacles
a: no special abilities


You were on level 2 of the Dungeon.
You visited 1 branch of the dungeon, and saw 2 of its levels.

You collected 132 gold pieces.

Inventory:

Hand Weapons
 f - a +0 short sword (weapon)
Jewellery
 c - a +6 ring of strength (left tentacle)
Scrolls
 e - a scroll of blinking {unknown}
 h - a scroll of identify {unknown}
 i - a scroll of enchant weapon {unknown}
 j - 2 scrolls of teleportation {unknown}
 k - a scroll of enchant armour {unknown}
Potions
 a - a potion of magic
 b - a potion of degeneration {unknown}
 d - a potion of lignification {unknown}
 g - a potion of berserk rage {unknown}


   Skills:
 + Level 2.7 Dodging
 - Level 2.7 Stealth
 + Level 2.6 Spellcasting
 * Level 1.7 Summonings
 + Level 4.4 Ice Magic


You had 5 spell levels left.
You knew the following spells:

 Your Spells              Type           Power      Damage    Failure   Level
a - Freeze                Ice            76%        1d8       2%          1
b - Call Imp              Summ           18%        N/A       12%         2

Your spell library contained the following spells:

 Spells                   Type           Power      Damage    Failure   Level
 Frozen Ramparts          Ice            38%        1d6       8%          3
 Ozocubu's Armour         Ice            19%        N/A       8%          3
 Summon Ice Beast         Ice/Summ       14%        N/A       13%         3
 Magic Dart               Conj           8%         1d3       16%         1
 Blink                    Tloc           4%         N/A       24%         2


Dungeon Overview and Level Annotations

Branches:
Dungeon (2/15)

Altars:


Innate Abilities, Weirdness & Mutations

You cannot wear most types of armour.
You are amphibious.
You can wear up to eight rings at the same time.
Your skin changes colour to match your surroundings (Stealth+).
Your rubbery body absorbs attacks. (AC +1, EV +1)
((You are camouflaged when in or above water. (Stealth+)))
You have tentacles for arms and can constrict up to eight enemies at once.


Message History

The endoplasm is heavily wounded.
You feel sick.
Your cerulean imp hits the endoplasm from afar with a -4 spear.
An endoplasm comes into view.
A kobold comes into view.
It is wielding a +0 trident and wearing the ring of the Tortoise {AC+8}.
The endoplasm barely misses you.
Your magical contamination has completely faded away.
You hit the endoplasm.
You kill the endoplasm!
You feel sick.
You are no longer poisoned.
The bat barely misses you.
Your cerulean imp hits the bat from afar with a -4 spear.
The bat hits you but does no damage. The kobold closely misses you.
You hit the bat.
You kill the bat!
Your cerulean imp hits the ribbon worm from afar with a -4 spear.
The kobold closely misses you.
You hit the ribbon worm. You grab the ribbon worm.
The ribbon worm is lightly wounded.
You constrict the ribbon worm. The ribbon worm bites you.
Your cerulean imp hits the ribbon worm from afar with a -4 spear.
The kobold closely misses you. The endoplasm hits you.
You are too injured to fight recklessly!
You are too injured to fight recklessly!
Unknown command.
You are too injured to fight recklessly!
Casting: Call Imp (safe; 12% risk of failure)
Confirm with . or Enter, or press ? or * to list all spells.
Aiming: Freeze (safe; 2% risk of failure)
Press: ? - help, Shift-Dir - straight line, f - endoplasm
Aim: an endoplasm You freeze the endoplasm.
The endoplasm is almost dead.
You constrict the ribbon worm.
Your cerulean imp hits the ribbon worm but does no damage.
The ribbon worm bites you.
* * * LOW HITPOINT WARNING * * *
The kobold hits you from afar with a +0 trident!
You die...

.###.#
###..##.# ##
#.# ##.##.#
#.# #....##
###.#
######...#
#...#
#.......##
##.###
#####.#####.#
...# #.....#
###.# ...#
#.##.5#..##.#
...# ##@J#
#.# ...#
#w### #.#
...# #K. .#
...# ##. ####
.# #


You could see a ribbon worm (ally target), an endoplasm, a kobold and a friendly
cerulean imp (summoned).

Vanquished Creatures
  5 adders (D:2)
  A dart slug (D:2)
  4 endoplasms
  2 hobgoblins
  4 kobolds
  2 quokkas
  A ball python (D:1)
  6 bats
  2 frilled lizards (D:1)
  5 rats (D:1)
32 creatures vanquished.

Notes
Turn   | Place    | Note
-------+----------+-------------------------------------------
     0 | D:1      | BeKind the Octopode Ice Elementalist began the quest for
                  | the Orb.
     0 | D:1      | Reached XP level 1. HP: 11/11 MP: 3/3
   212 | D:1      | Reached XP level 2. HP: 14/17 MP: 1/5
   429 | D:1      | Found a faded altar of an unknown god.
   747 | D:1      | Learned a level 2 spell: Call Imp
   770 | D:2      | Reached XP level 3. HP: 21/21 MP: 6/6
   893 | D:2      | Reached skill level 1 in Summonings
  1212 | D:2      | Reached XP level 4. HP: 27/27 MP: 7/7
  1231 | D:2      | Slain by a kobold

Illustrated notes

Levels and vault maps discovered:
D:1:      dpeg_arrival_long_road, layout_basic, nicolae_ecumenical_lake_church,
          corexii_corridor_pit
D:2:      layout_rooms, minmay_pentomino_r4

Skill      XL: |  1  2  3 |
---------------+----------+-----
Summonings     | 1 |  1.7
Dodging        | |  2.7
Stealth        | |  2.7
Spellcasting   | |  2.6
Ice Magic      | |  4.4

Action                     |  1- 3 |  4- 6 || total
---------------------------+-------+-------++-------
  Melee: Unarmed           |     8 |       ||     8
         Constrict         |    15 |     2 ||    17
         Tentacles         |     8 |       ||     8
         Short sword       |    24 |     7 ||    31
   Cast: Freeze            |    16 |     1 ||    17
         Call Imp          |     2 |     1 ||     3
   Stab: Sleeping          |     5 |       ||     5
 Armour: Skin              |    22 |     8 ||    30
  Dodge: Dodged            |    14 |     6 ||    20

Table legend: (Time is in decaauts)
 A = Elapsed time spent in this place.
 B = Non-inter-level travel time spent in this place.
 C = Inter-level travel time spent in this place.
 D = Time resting spent in this place.
 E = Time spent auto-exploring this place.
 F = Levels seen in this place.
 G = Mean time per level.
                   A        B        C        D        E       F      G
               +--------+--------+--------+--------+--------+-----+--------+
         Total |   1229 |   1208 |     21 |     18 |    986 |   2 |  614.5 |
       Dungeon |   1229 |   1208 |     21 |     18 |    986 |   2 |  614.5 |
               +--------+--------+--------+--------+--------+-----+--------+

Top non-repeatable levels by time:
     D:1: 761 daAuts
     D:2: 468 daAuts
